 Dungeon Crawl Stone Soup version 0.23.2 (webtiles) character file.

Game seed: 1602302721235604929

42936 havocjr2 the Destroyer (level 14, -10/106 HPs)
             Began as a Gnoll Conjurer on Mar 26, 2019.
             Was an Elder of Hepliaklqana.
             Killed by divine providence
             ... invoked by a meliai
              (11 damage)
             ... on level 14 of the Dungeon on Apr 5, 2019.
             The game lasted 03:54:35 (19870 turns).

havocjr2 the Destroyer (Gnoll Conjurer)            Turns: 19870, Time: 03:54:35

Health: -10/106    AC: 20    Str: 11    XL:     14   Next: 22%
Magic:  22/28      EV: 19    Int: 25    God:    Hepliaklqana [****..]
Gold:   440        SH:  3    Dex: 21    Spells: 17/33 levels left

rFire    + . .     SeeInvis +   H - +7 great sword (freeze)
rCold    + + .     Gourm    .   (shield currently unavailable)
rNeg     + . .     Faith    .   W - +4 ring mail "Bimaidd" {*Slow rPois SInv}
rPois    +         Spirit   .   M - +1 helmet
rElec    +         Reflect  +   Q - +0 cloak
rCorr    .         Harm     .   i - +2 pair of gloves
MR       ++...                  X - +1 pair of boots
Stlth    ++++......             V - amulet "Haawus" {Reflect rElec rC+ rN+ Int+2 SH+3}
HPRegen  0.27/turn              C - +4 ring of slaying
MPRegen  0.21/turn              v - ring "Axkureni" {rF+ rC+ MR+ Int+2 Slay+3}

@: swift, very quick
A: distributed training, reduced essence, fangs 1, agile 2, robust 1, sturdy
frame 1, strong nose
a: Recall Ancestor, Ancestor Identity, Transference, Idealise, Renounce Religion


You were on level 14 of the Dungeon.
You worshipped Hepliaklqana.
Hepliaklqana was greatly pleased with you.
You were not hungry.

You visited 2 branches of the dungeon, and saw 16 of its levels.
You also visited: Bailey and Ice Cave.

You collected 1071 gold pieces.
You spent 631 gold pieces at shops.

Inventory:

Hand Weapons
 p - the +7 dagger of the Lair of Beasts {holy, +Rage rF- MP+9 Dex+4}
   (You found it on level 14 of the Dungeon)

   It has been blessed by the Shining One to cause great damage to the undead
   and demons.
   It affects your dexterity (+4).
   It makes you vulnerable to fire.
   It affects your magic capacity (+9).
   It lets you go berserk.
 D - a +0 hand axe of flaming
 E - a +4 longbow of freezing
 H - a +7 great sword of freezing (weapon)
 K - a +3 hand crossbow of flaming
Missiles
 g - 81 bolts
 r - 7 tomahawks
 J - 11 arrows
 Y - 3 javelins (quivered)
Armour
 i - a +2 pair of gloves (worn)
 F - +0 fire dragon scales
 M - a +1 helmet (worn)
 Q - a +0 cloak (worn)
 S - a +2 robe of cold resistance
 W - the +4 ring mail "Bimaidd" (worn) {*Slow rPois SInv}
   (You found it on level 13 of the Dungeon)

   It protects you from poison.
   It lets you see invisible.
   It may slow you when you take damage.
 X - a +1 pair of boots (worn)
Jewellery
 n - an uncursed ring of protection from cold
 v - the ring "Axkureni" (right hand) {rF+ rC+ MR+ Int+2 Slay+3}
   (You found it in an ice cave)

   [ring of protection from magic]

   It affects your intelligence (+2).
   It affects your accuracy and damage with ranged weapons and melee attacks
   (+3).
   It protects you from fire.
   It protects you from cold.
   It affects your resistance to hostile enchantments.
 C - a +4 ring of slaying (left hand)
 V - the amulet "Haawus" (around neck) {Reflect rElec rC+ rN+ Int+2 SH+3}
   (You bought it in a shop on level 10 of the Dungeon)

   [amulet of reflection]

   It shields you and reflects attacks.
   It affects your intelligence (+2).
   It protects you from cold.
   It insulates you from electricity.
   It protects you from negative energy.
   It affects your SH (+3).
Wands
 d - a wand of flame (36)
 o - a wand of clouds (5)
 q - a wand of digging (3)
 t - a wand of polymorph (11)
 B - a wand of iceblast (35)
 G - a wand of enslavement (8)
 I - a wand of disintegration (26)
 N - a wand of scattershot (9)
Scrolls
 a - a scroll of magic mapping
 b - 3 scrolls of remove curse
 l - 6 scrolls of amnesia
 m - 2 scrolls of fear
 y - 7 scrolls of teleportation
 z - a scroll of fog
 L - 2 scrolls of identify
 Z - a scroll of immolation
Potions
 e - a potion of magic
 f - 2 potions of lignification
 h - a potion of resistance
 k - 7 potions of haste
 s - 3 potions of invisibility
 u - 5 potions of berserk rage
 x - 4 potions of flight
 A - 2 potions of curing
 P - 3 potions of brilliance
Miscellaneous
 j - a sack of spiders
 w - a lightning rod (4/4)
 T - a lightning rod (4/4)
Comestibles
 c - 28 rations


   Skills:
 + Level 8.9 Fighting
 + Level 8.9 Short Blades
 + Level 8.9 Long Blades
 + Level 8.9 Axes
 + Level 8.9 Maces & Flails
 + Level 8.9 Polearms
 + Level 8.9 Staves
 + Level 8.9 Slings
 + Level 8.9 Bows
 + Level 8.9 Crossbows
 + Level 8.9 Throwing
 + Level 8.9 Armour
 + Level 10.0 Dodging
 + Level 9.8 Stealth
 + Level 8.9 Shields
 + Level 8.9 Unarmed Combat
 + Level 10.2 Spellcasting
 + Level 10.2 Conjurations
 + Level 7.4 Hexes
 + Level 7.4 Charms
 + Level 7.4 Summonings
 + Level 7.4 Necromancy
 + Level 7.4 Translocations
 + Level 7.4 Transmutations
 + Level 7.4 Fire Magic
 + Level 7.4 Ice Magic
 + Level 7.4 Air Magic
 + Level 7.4 Earth Magic
 + Level 7.4 Poison Magic
 + Level 9.7 Invocations
 + Level 8.9 Evocations


You had 17 spell levels left.
You knew the following spells:

 Your Spells              Type           Power        Failure   Level  Hunger
a - Magic Dart            Conj           ####         1%          1    None
b - Searing Ray           Conj           ######       1%          2    None
c - Dazzling Spray        Conj/Hex       ######       1%          3    None
d - Iskenderun's Mystic   Conj           ######..     1%          4    None
e - Fulminant Prism       Conj/Hex       ######....   1%          4    None
f - Swiftness             Chrm/Air       #####...     1%          2    None

Your spell library contained the following spells:

 Spells                   Type           Power        Failure   Level  Hunger
 Corona                   Hex            #####..      1%          1    None
 Pain                     Necr           ####         1%          1    None
 Ensorcelled Hibernation  Hex/Ice        #####.       1%          2    None
 Passwall                 Tmut/Erth      #####...     1%          2    None
 Confuse                  Hex            #####...     1%          3    None
 Ignite Poison            Fire/Tmut/Pois #####...     1%          3    None
 Tukima's Dance           Hex            #####...     1%          3    None
 Force Lance              Conj/Tloc      ######..     1%          4    None
 Passage of Golubria      Tloc           N/A          3%          4    None
 Borgnjor's Vile Clutch   Necr/Erth      #####.....   9%          5    ####...
 Excruciating Wounds      Chrm/Necr      #####.....   9%          5    ####...
 Lee's Rapid Deconstruct  Erth           #####.....   9%          5    ####...
 Darkness                 Hex            #####.....   45%         6    #####..
 Invisibility             Hex            #####...     45%         6    #####..
 Dragon Form              Tmut           #####.....   95%         7    #######


Dungeon Overview and Level Annotations

Branches:
Dungeon (15/15)            Temple (1/1) D:5            Lair (0/6) D:9
    Orc (0/2) D:10         Vaults (0/5) D:14
 Depths: D:15

Altars:
Cheibriados
Dithmenos
Fedhas
Gozag
Hepliaklqana
Kikubaaqudgha
Nemelex Xobeh
Okawaru
Qazlal
Ru
Sif Muna
Trog
Vehumet
Wu Jian
Xom
Yredelemnul
Zin
The Shining One

Shops:
D:10 =   D:12 (   D:14 *

Annotations:
D:7 2 transporters, Lauz's ghost, novice DECj


Innate Abilities, Weirdness & Mutations

Your experience applies equally to all skills.
You have very sharp teeth.
Your uncanny sense of smell can sniff out nearby items.
Your life essence is reduced to manifest your ancestor. (-10% HP)
You are very agile. (Dex +4)
You are robust. (+10% HP)
Your movements are slightly less encumbered by armour. (ER -2)


Message History

The meliai is lightly wounded.
The meliai completely misses you.
The meliai mumbles some strange prayers to its god against you.
Something smites you!
* * * LOW HITPOINT WARNING * * *
Casting: Fulminant Prism (safe; 1% risk of failure)
Confirm with . or Enter, or press ? or * to list all spells.
You feel quick. The meliai barely misses you.
You riposte.
You slash the meliai! You freeze the meliai.
The meliai is almost dead.
The meliai closely misses you.
The meliai calls down the wrath of its god upon you.
Something smites you!
* * * LOW HITPOINT WARNING * * *
The meliai calls down the wrath of its god upon you.
Something smites you!
* * * LOW HITPOINT WARNING * * *
The meliai invokes the aid of its god against you.
Something smites you!
You die...

..#..#..#...#.##.#.#.#.#..#
............#.#.#.#.#.##..#
....#.......'.##.#.#.#.#..#
....#######'###.#.#.#.##.##
....###.....##.#########.###
.............#.............#
.............#.............#
.............'.............#
...####.##..##=.@##.......##
...####'##..##)..####.#####
...#..............# #.#
...#.........y....# #.##
...'..)...........###..#
...#.).................#
...#.))).>.............#
...#......<........_...#
...#...................#


You could see a meliai.

Vanquished Creatures
  A frost giant (IceCv)
  Snorg (D:10)
  A fire dragon (D:14)
  Josephine (D:14)
  Fannar (D:12)
  A vault guard (D:14)
  Erolcha (D:10)
  2 centaur warriors
  2 hydras
  2 two-headed ogres
  A deep troll earth mage (D:14)
  An orc high priest (Bailey)
  A tengu warrior (D:14)
  An unseen horror (D:14)
  A wizard (D:10)
  2 orc knights (Bailey)
  A phantasmal warrior (D:14)
  A harpy (D:14)
  A wolf spider zombie (D:14)
  An ugly thing (D:12)
  3 deep elf magi (D:10)
  A cyclops (D:14)
  A manticore (D:14)
  Maurice (D:10)
  A centaur zombie (D:14)
  A gargoyle (D:11)
  A spiny frog (shapeshifter) (D:14)
  A centaur skeleton (D:14)
  A kobold demonologist (Bailey)
  A yaktaur (D:15)
  A rime drake (IceCv)
  2 meliai (D:15)
  3 trolls
  9 polar bears (IceCv)
  4 slime creatures (D:12)
  3 hippogriffs
  A wyvern (D:10)
  17 yaks
  5 wraiths (D:14)
  A hog (D:13)
  A steam dragon (D:10)
  A hungry ghost (D:12)
  A steam dragon (shapeshifter) (D:11)
  Menkaure (D:4)
  3 vampire mosquitoes (D:14)
  14 orc warriors
  4 sky beasts
  2 ice beasts
  A necrophage (D:9)
  An eye of draining (D:11)
  7 centaurs
  7 ogres
  8 wolves (IceCv)
  A crocodile (D:11)
  3 big kobolds
  6 bullfrogs
  A wyvern zombie (D:13)
  3 scorpions
  11 killer bees
  2 electric eels (Bailey)
  12 wights
  8 howler monkeys
  2 crimson imps
  4 hounds
  2 jellies
  A quasit (D:5)
  5 orc priests
  3 bullfrog skeletons
  Ijyb (D:5)
  Jessica (D:4)
  13 orc wizards
  Terence (D:3)
  A hexer (Bailey)
  4 iguanas
  Natasha (thrice) (D:3)
  8 worker ants
  A hound zombie (D:8)
  A hound skeleton (D:7)
  11 adders
  5 gnolls
  3 shadow imps
  2 adder zombies (D:9)
  3 worms
  3 dart slugs
  7 leopard geckos
  44 orcs
  9 giant cockroaches
  16 hobgoblins
  13 jackals
  4 quokkas
  2 ball pythons
  11 bats
  4 frilled lizards
  14 goblins
  26 kobolds
  6 rats
414 creatures vanquished.

Vanquished Creatures (collateral kills)
  Kirke (D:13)
  A two-headed ogre (D:12)
  An orc knight (Bailey)
  2 ugly things
  A centaur zombie (D:14)
  A deep elf mage (D:14)
  2 polar bears (IceCv)
  A hornet (D:7)
  A slime creature (D:12)
  2 hippogriffs (D:11)
  A shadow (D:14)
  A yak (D:9)
  A hungry ghost (D:10)
  A vampire mosquito (D:14)
  An orc warrior (Bailey)
  A phantom (D:7)
  An ice beast (D:9)
  A sky beast (D:11)
  2 wolves (IceCv)
  2 centaurs
  2 bullfrogs
  A scorpion (D:8)
  4 killer bees
  3 howler monkeys
  A wight (D:8)
  An electric eel (Bailey)
  4 orc wizards
  An orc priest (D:5)
  A bullfrog skeleton (D:6)
  A centaur skeleton (D:11)
  A worker ant (D:6)
  2 iguanas
  An adder (D:6)
  An adder skeleton (D:6)
  2 leopard geckos
  7 orcs
  3 goblins (Bailey)
  A hobgoblin (Bailey)
  A leopard gecko skeleton (D:6)
63 creatures vanquished.

Vanquished Creatures (others)
  3 polar bears (IceCv)
  A wolf (IceCv)
  12 hexers
  5 ancestors
  76 fulminant prisms
97 creatures vanquished.

Grand Total: 574 creatures vanquished

Notes
Turn   | Place    | Note
-------+----------+-------------------------------------------
     0 | D:1      | havocjr2 the Gnoll Conjurer began the quest for the Orb.
     0 | D:1      | Reached XP level 1. HP: 13/13 MP: 6/6
   154 | D:1      | Reached XP level 2. HP: 19/19 MP: 4/7
   519 | D:1      | Learned a level 2 spell: Searing Ray
   707 | D:1      | Reached XP level 3. HP: 25/25 MP: 7/9
   712 | D:1      | Learned a level 3 spell: Dazzling Spray
   791 | D:1      | Reached skill level 5 in Spellcasting
  1074 | D:1      | Reached skill level 1 in Invocations
  1582 | D:2      | Reached skill level 1 in Fighting
  1582 | D:2      | Reached skill level 1 in Short Blades
  1582 | D:2      | Reached skill level 1 in Long Blades
  1582 | D:2      | Reached skill level 1 in Axes
  1582 | D:2      | Reached skill level 1 in Maces & Flails
  1582 | D:2      | Reached skill level 1 in Polearms
  1582 | D:2      | Reached skill level 1 in Staves
  1582 | D:2      | Reached skill level 1 in Slings
  1582 | D:2      | Reached skill level 1 in Bows
  1582 | D:2      | Reached skill level 1 in Crossbows
  1582 | D:2      | Reached skill level 1 in Throwing
  1582 | D:2      | Reached skill level 1 in Armour
  1582 | D:2      | Reached skill level 1 in Shields
  1582 | D:2      | Reached skill level 1 in Unarmed Combat
  1582 | D:2      | Reached skill level 1 in Evocations
  1582 | D:2      | Reached XP level 4. HP: 27/32 MP: 2/11
  1773 | D:2      | Learned a level 4 spell: Iskenderun's Mystic Blast
  1832 | D:2      | Found an ornate altar of the Wu Jian Council.
  2242 | D:2      | Reached skill level 1 in Hexes
  2242 | D:2      | Reached skill level 1 in Charms
  2242 | D:2      | Reached skill level 1 in Summonings
  2242 | D:2      | Reached skill level 1 in Necromancy
  2242 | D:2      | Reached skill level 1 in Translocations
  2242 | D:2      | Reached skill level 1 in Transmutations
  2242 | D:2      | Reached skill level 1 in Fire Magic
  2242 | D:2      | Reached skill level 1 in Ice Magic
  2242 | D:2      | Reached skill level 1 in Air Magic
  2242 | D:2      | Reached skill level 1 in Earth Magic
  2242 | D:2      | Reached skill level 1 in Poison Magic
  2898 | D:3      | Reached XP level 5. HP: 37/37 MP: 7/12
  3123 | D:3      | Noticed Natasha
  3130 | D:3      | Killed Natasha
  3338 | D:3      | Noticed Terence
  3353 | D:3      | Noticed Natasha
  3370 | D:3      | Killed Terence
  3443 | D:3      | Killed Natasha
  3832 | D:3      | Found a bloodstained altar of Trog.
  3832 | D:3      | Noticed an eye of draining
  3832 | D:3      | Noticed an eye of draining
  3838 | D:3      | Noticed Natasha
  3846 | D:3      | Killed Natasha
  3846 | D:3      | Reached XP level 6. HP: 41/44 MP: 9/13
  3952 | D:4      | Noticed Menkaure
  4171 | D:4      | Found a stormy altar of Qazlal.
  4275 | D:4      | Noticed Jessica
  4354 | D:4      | Learned a level 4 spell: Fulminant Prism
  4367 | D:4      | Killed Jessica
  4446 | D:4      | Found a deep blue altar of Sif Muna.
  4520 | D:4      | Reached skill level 5 in Dodging
  4746 | D:4      | Reached XP level 7. HP: 50/50 MP: 6/15
  5016 | D:4      | Killed Menkaure
  5016 | D:4      | Reached skill level 5 in Stealth
  5155 | D:5      | Entered Level 5 of the Dungeon
  5363 | D:5      | Found a staircase to the Ecumenical Temple.
  5371 | D:5      | Reached XP level 8. HP: 50/57 MP: 11/16
  5373 | D:5      | Noticed Ijyb
  5382 | D:5      | Killed Ijyb
  5530 | Temple   | Entered the Ecumenical Temple
  5680 | Temple   | Became a worshipper of Hepliaklqana the Forgotten
  6453 | D:6      | Found an opulent altar of Gozag.
  6454 | D:6      | Found a sacrificial altar of Ru.
  6514 | D:6      | Reached XP level 9. HP: 52/58 MP: 12/18
  7062 | D:6      | Found a hazy altar of Hepliaklqana.
  7602 | D:6      | Found an iron altar of Okawaru.
  7604 | D:6      | Reached * piety under Hepliaklqana
  7880 | D:7      | Noticed a hornet
  7885 | D:7      | Killed a hornet
  8039 | D:7      | Reached skill level 5 in Invocations
  8448 | D:7      | Reached XP level 10. HP: 44/65 MP: 16/20
  8657 | D:7      | Noticed Lauz's ghost (novice DECj)
  8679 | D:7      | Found a transporter.
  8689 | D:7      | Found a transporter.
  9102 | D:7      | Reached ** piety under Hepliaklqana
  9103 | D:7      | Remembered your ancestor Robert as a hexer
  9345 | D:8      | Reached skill level 5 in Fighting
  9345 | D:8      | Reached skill level 5 in Short Blades
  9345 | D:8      | Reached skill level 5 in Long Blades
  9345 | D:8      | Reached skill level 5 in Axes
  9345 | D:8      | Reached skill level 5 in Maces & Flails
  9345 | D:8      | Reached skill level 5 in Polearms
  9345 | D:8      | Reached skill level 5 in Staves
  9345 | D:8      | Reached skill level 5 in Slings
  9345 | D:8      | Reached skill level 5 in Bows
  9345 | D:8      | Reached skill level 5 in Crossbows
  9345 | D:8      | Reached skill level 5 in Throwing
  9345 | D:8      | Reached skill level 5 in Armour
  9345 | D:8      | Reached skill level 5 in Shields
  9345 | D:8      | Reached skill level 5 in Unarmed Combat
  9345 | D:8      | Reached skill level 5 in Evocations
 10196 | D:9      | Found a staircase to the Lair.
 10501 | D:10     | Entered Level 10 of the Dungeon
 10543 | D:10     | Noticed Snorg
 10553 | D:10     | Killed Snorg
 10553 | D:10     | Reached XP level 11. HP: 44/72 MP: 10/22
 10559 | D:10     | Noticed Erolcha
 10566 | D:10     | Killed Erolcha
 10618 | D:10     | Found a staircase to the Orcish Mines.
 10656 | D:10     | Reached *** piety under Hepliaklqana
 10691 | D:10     | Found a flagged portal.
 10701 | Bailey   | Entered a bailey
 10755 | Bailey   | Noticed an orc high priest
 10759 | Bailey   | Noticed a sun demon
 10761 | Bailey   | Killed an orc high priest
 10761 | Bailey   | Reached skill level 5 in Hexes
 10761 | Bailey   | Reached skill level 5 in Charms
 10761 | Bailey   | Reached skill level 5 in Summonings
 10761 | Bailey   | Reached skill level 5 in Necromancy
 10761 | Bailey   | Reached skill level 5 in Translocations
 10761 | Bailey   | Reached skill level 5 in Transmutations
 10761 | Bailey   | Reached skill level 5 in Fire Magic
 10761 | Bailey   | Reached skill level 5 in Ice Magic
 10761 | Bailey   | Reached skill level 5 in Air Magic
 10761 | Bailey   | Reached skill level 5 in Earth Magic
 10761 | Bailey   | Reached skill level 5 in Poison Magic
 10838 | Bailey   | Noticed an orc knight
 10867 | Bailey   | Killed an orc knight
 10873 | Bailey   | Noticed an orc knight
 11096 | Bailey   | Killed an orc knight
 11128 | Bailey   | Noticed an orc knight
 11160 | Bailey   | Found an iron altar of Okawaru.
 11177 | Bailey   | Killed an orc knight
 12061 | D:10     | Noticed Maurice
 12071 | D:10     | Killed Maurice
 12431 | D:10     | Noticed a deep elf mage
 12436 | D:10     | Noticed a wizard
 12437 | D:10     | Noticed a deep elf mage
 12444 | D:10     | Killed a wizard
 12462 | D:10     | Killed a deep elf mage
 12462 | D:10     | Noticed a deep elf mage
 12464 | D:10     | Killed a deep elf mage
 12464 | D:10     | Reached XP level 12. HP: 66/80 MP: 1/24
 12645 | D:10     | Identified the Tome of Plaster Cramp
 12654 | D:10     | Identified the Tome of Axaxaxas mlö
 12685 | D:10     | Found Xumily's Jewellery Shoppe.
 12693 | D:10     | Bought the amulet "Haawus" {Reflect rElec rC+ rN+ Int+2
                  | SH+3} for 631 gold pieces
 12737 | D:10     | Identified the Compendium of Sand
 12974 | D:11     | Noticed a two-headed ogre
 13181 | D:11     | Killed a two-headed ogre
 13439 | D:11     | Found a frozen archway.
 13464 | IceCv    | Entered an ice cave
 13700 | IceCv    | Got a translucent copper ring
 13710 | IceCv    | Identified the ring "Axkureni" {rF+ rC+ MR+ Int+2 Slay+3}
                  | (You found it in an ice cave)
 14829 | IceCv    | Noticed a death yak
 14829 | IceCv    | Noticed a frost giant
 15174 | IceCv    | Killed a frost giant
 15287 | IceCv    | Reached XP level 13. HP: 71/88 MP: 26/26
 15446 | D:11     | Found a sparkling altar of Nemelex Xobeh.
 15458 | D:11     | Gained mutation: Your movements are slightly less
                  | encumbered by armour. (ER -2) [potion of mutation]
 15458 | D:11     | Gained mutation: You are agile. (Dex +2) [potion of
                  | mutation]
 15458 | D:11     | Gained mutation: You are robust. (+10% HP) [potion of
                  | mutation]
 15458 | D:11     | Gained mutation: You are very agile. (Dex +4) [potion of
                  | mutation]
 16206 | D:12     | Found Ucvoiczu's Weapon Shop.
 16214 | D:12     | Upgraded the game from 0.23.1-37-gaa34b87 to
                  | 0.23.1-41-g7e51ed3
 16536 | D:12     | Noticed Fannar
 16552 | D:12     | Killed Fannar
 16757 | D:12     | Upgraded the game from 0.23.1-41-g7e51ed3 to 0.23.2
 16775 | D:12     | Reached **** piety under Hepliaklqana
 17308 | D:13     | Found a blossoming altar of Fedhas.
 18065 | D:13     | Noticed Kirke
 18076 | D:13     | Killed Kirke
 18129 | D:13     | Got a twisted ring mail
 18273 | D:13     | Identified the +4 ring mail "Bimaidd" {*Slow rPois SInv}
                  | (You found it on level 13 of the Dungeon)
 18444 | D:15     | Entered Level 15 of the Dungeon
 18451 | D:14     | Reached skill level 10 in Conjurations
 18946 | D:14     | Found Jolyhyby's Assorted Antiques.
 18977 | D:14     | Noticed a fire dragon
 19004 | D:14     | Killed a fire dragon
 19004 | D:14     | Reached skill level 10 in Spellcasting
 19148 | D:14     | Found a sparkling altar of Nemelex Xobeh.
 19171 | D:14     | Learned a level 2 spell: Swiftness
 19187 | D:14     | Got a smoking dagger
 19187 | D:14     | Noticed a vault guard
 19201 | D:14     | Killed a vault guard
 19201 | D:14     | Reached XP level 14. HP: 44/106 MP: 22/28
 19545 | D:14     | Found a gate to the Vaults.
 19686 | D:14     | Identified the +7 dagger of the Lair of Beasts {holy, +Rage
                  | rF- MP+9 Dex+4} (You found it on level 14 of the Dungeon)
 19710 | D:14     | Noticed Josephine
 19753 | D:14     | Killed Josephine
 19753 | D:14     | Reached skill level 10 in Dodging
 19869 | D:14     | HP: 1/106 [meliai/divine providence (9)]
 19870 | D:14     | Killed from afar by a meliai

Skill      XL: |  1  2  3  4  5  6  7  8  9 10 11 12 13 14 |
---------------+-------------------------------------------+-----
Spellcasting   | 5 6 7 8 9 10 | 10.2
Invocations    | 1 2 3 4 5 6 7 8 9 |  9.7
Fighting       | 1 2 3 4 5 6 7 8 |  8.9
Short Blades   | 1 2 3 4 5 6 7 8 |  8.9
Long Blades    | 1 2 3 4 5 6 7 8 |  8.9
Axes           | 1 2 3 4 5 6 7 8 |  8.9
Maces & Flails | 1 2 3 4 5 6 7 8 |  8.9
Polearms       | 1 2 3 4 5 6 7 8 |  8.9
Staves         | 1 2 3 4 5 6 7 8 |  8.9
Slings         | 1 2 3 4 5 6 7 8 |  8.9
Bows           | 1 2 3 4 5 6 7 8 |  8.9
Crossbows      | 1 2 3 4 5 6 7 8 |  8.9
Throwing       | 1 2 3 4 5 6 7 8 |  8.9
Armour         | 1 2 3 4 5 6 7 8 |  8.9
Shields        | 1 2 3 4 5 6 7 8 |  8.9
Unarmed Combat | 1 2 3 4 5 6 7 8 |  8.9
Evocations     | 1 2 3 4 5 6 7 8 |  8.9
Hexes          | 1 2 3 4 5 6 7 |  7.4
Charms         | 1 2 3 4 5 6 7 |  7.4
Summonings     | 1 2 3 4 5 6 7 |  7.4
Necromancy     | 1 2 3 4 5 6 7 |  7.4
Translocations | 1 2 3 4 5 6 7 |  7.4
Transmutations | 1 2 3 4 5 6 7 |  7.4
Fire Magic     | 1 2 3 4 5 6 7 |  7.4
Ice Magic      | 1 2 3 4 5 6 7 |  7.4
Air Magic      | 1 2 3 4 5 6 7 |  7.4
Earth Magic    | 1 2 3 4 5 6 7 |  7.4
Poison Magic   | 1 2 3 4 5 6 7 |  7.4
Dodging        | 5 6 7 8 9 10 | 10.0
Stealth        | 5 6 7 8 9 |  9.8
Conjurations   | 8 9 10 | 10.2

Action                   |  1- 3 |  4- 6 |  7- 9 | 10-12 | 13-15 || total
-------------------------+-------+-------+-------+-------+-------++-------
Melee: Mace              |     4 |       |       |       |       ||     4
       Bite              |     1 |     3 |     9 |    37 |    25 ||    75
       Dagger            |       |    24 |    68 |    18 |       ||   110
       Punch             |       |       |     2 |     2 |       ||     4
       Great sword       |       |       |       |   198 |   156 ||   354
       War axe           |       |       |       |     5 |       ||     5
       Staff             |       |       |       |    26 |    15 ||    41
 Fire: Longbow           |       |       |       |       |    13 ||    13
       Hand crossbow     |       |       |       |       |     7 ||     7
Throw: Stone             |     3 |       |       |    11 |     5 ||    19
       Tomahawk          |       |     4 |     7 |    32 |    17 ||    60
       Javelin           |       |       |     7 |    24 |    28 ||    59
 Cast: Magic Dart        |    58 |    48 |    44 |    38 |       ||   188
       Searing Ray       |     5 |    10 |     8 |     5 |       ||    28
       Dazzling Spray    |     2 |     8 |     2 |    23 |     1 ||    36
       Iskenderun's Myst |       |    13 |    21 |    36 |    33 ||   103
       Fulminant Prism   |       |     3 |    17 |    40 |    16 ||    76
       Swiftness         |       |       |       |       |     1 ||     1
Invok: Recall Ancestor   |       |       |     1 |     5 |     3 ||     9
       Ancestor Identity |       |       |     1 |       |       ||     1
       Ancestor Life: He |       |       |       |     1 |       ||     1
Evoke: Wand              |       |       |       |    11 |       ||    11
       Sack of spiders   |       |       |       |     1 |       ||     1
  Use: Scroll            |       |     3 |    12 |    17 |     5 ||    37
       Potion            |       |       |       |     9 |     2 ||    11
 Stab: Distracted        |       |       |     2 |     6 |     4 ||    12
       Confused          |       |       |       |     6 |     3 ||     9
       Sleeping          |       |       |       |     2 |     4 ||     6
       Invisible         |       |       |       |     6 |       ||     6
  Eat: Chunk             |     2 |    14 |    13 |    21 |    10 ||    60
       Ration            |       |       |     1 |     2 |     2 ||     5
Armor: Robe              |     6 |    10 |     7 |    70 |    29 ||   122
       Ring mail         |       |       |       |       |    50 ||    50
Dodge: Dodged            |    35 |    24 |    51 |   259 |   215 ||   584
Block: Other             |       |       |       |    27 |    28 ||    55
       Reflection        |       |       |       |     1 |     1 ||     2
       Rpst.: Great sword |       |       |       |    58 |    31 ||    89
